 Dungeon Crawl Stone Soup version 0.31-a0-609-g7bf6ffcfed (webtiles) character file.

Game seed: 13783596201748488830

50 BubbleThief the Ruffian (level 3, 0/25 HPs)
             Began as an Octopode Shapeshifter on Aug 21, 2023.
             Succumbed to an adder's poison
             ... on level 2 of the Dungeon.
             The game lasted 00:01:19 (1424 turns).

BubbleThief the Ruffian (Octopode Shapeshifter)     Turns: 1424, Time: 00:01:19

Health: 0/25       AC:  1    Str: 16    XL:     3   Next: 79%
Magic:  3/3        EV: 13    Int: 10    God:
Gold:   43         SH:  0    Dex: 12    Spells: 2/2 levels left

rFire   . .          .
                       - Unarmed
rCold   . . .        (no shield)
rNeg    . . .        (helmet currently unavailable)
rPois   .            (no amulet)
rElec   .            (no ring)
rCorr   .            (no ring)
SInv    .            (no ring)
Will    .....        (no ring)
Stlth   ++           (no ring)
HPRegen 0.24/turn    (no ring)
MPRegen 0.08/turn    (no ring)
                     (no ring)

%: no passive effects
@: confused, lethally poisoned (0 -> -2), beast-form
A: beast (slay +2), almost no armour, amphibious, 8 rings, camouflage 1,
gelatinous body 1, (nimble swimmer 1), tentacles
a: Begin Untransformation


You were on level 2 of the Dungeon.
You were a hulking beast.
You visited 1 branch of the dungeon, and saw 2 of its levels.

You collected 43 gold pieces.

Inventory:

Talismans
 b - a beast talisman (active)
 c - a flux talisman
Scrolls
 e - 2 scrolls of identify {unknown}
 f - a scroll of immolation {unknown}
 g - a scroll of amnesia {unknown}
 i - a scroll of fear {unknown}
Potions
 a - a potion of lignification
 d - 2 potions of mutation {unknown}
 h - a potion of haste {unknown}


   Skills:
 + Level 2.5 Fighting
 - Level 2.0 Dodging
 + Level 3.9 Unarmed Combat
 - Level 3.0 Shapeshifting


You had 2 spell levels left.
You didn't know any spells.
Your spell library was empty.

Dungeon Overview and Level Annotations

Branches:
Dungeon (2/15)

Altars:

Annotations:
D:2 Sigmund


Innate Abilities, Weirdness & Mutations

You are a hulking beast.
Your limbs bulge with bestial killing power. (Slay +2)
You cannot wear most types of armour.
You are amphibious.
You can wear up to eight rings at the same time.
Your skin changes colour to match your surroundings (Stealth+).
Your rubbery body absorbs attacks. (AC +1, EV +1)
((You are camouflaged when in or above water. (Stealth+)))
You have tentacles for arms and can constrict up to eight enemies at once.


Message History

You grab the quokka. You constrict the quokka. The quokka bites you.
The quokka closely misses you.
You barely miss the quokka. You squeeze the quokka.
You kill the quokka!
No target in view!
You see here 3 stones.
There is a stone staircase leading up here.
You see here a +0 short sword.
You see here a +0 hand axe.
There is a stone staircase leading down here.
There is a stone staircase leading down here.
You see here a +0 hand axe.
A bat comes into view.
A bat is nearby!
The helpless bat fails to defend itself.
You tentacle-slap the bat.
You kill the bat!
No target in view!
Found a hand axe and a whip.
An adder comes into view.
You see here a bat corpse.
Sigmund the Dreaded comes into view.
He is wielding a +0 scythe.
Found 2 scrolls labelled NAOXZI MABBE.
Sigmund points at you and mumbles some strange words.
You are confused.
The adder hisses angrily.
You see here a +0 hand axe.
Okay, then.
The adder bites you. The adder barely misses you.
You see here a +0 whip.
The adder attacks as it pursues you! The adder bites you.
You are poisoned.
The adder poisons you! Sigmund casts a spell at you. The magic dart hits you.
You feel sick. The adder bites you.
Sigmund hits you from afar with a +0 scythe!
* * * LOW HITPOINT WARNING * * *
You see here a +0 whip.
You die...

......# .###### .# .##
###### .# #.###....# .#
##....##.####♣♣♣ .#
#.#####.....♣♣.♣♣♣.# ###
.## #..##♣♣.S)♣.♣##...?
.# #....♣♣P.)h@♣....#
.######.###♣♣..P....#
...........♣♣♣PP♣.♣##
#######.#### P..♣♣†# #.#
##♣♣♣♣..#
#######.####.......#
........................
########################


You could see Sigmund and an adder.

Vanquished Creatures
  A worm (D:2)
  3 ball pythons
  7 bats
  7 endoplasms
  3 giant cockroaches (D:1)
  4 goblins
  6 hobgoblins
  3 quokkas
  5 kobolds (D:1)
  A rat (D:1)
40 creatures vanquished.

Notes
Turn   | Place    | Note
-------+----------+-------------------------------------------
     0 | D:1      | BubbleThief the Octopode Shapeshifter began the quest for
                  | the Orb.
     0 | D:1      | Reached XP level 1. HP: 13/13 MP: 1/1
   227 | D:1      | Reached XP level 2. HP: 18/18 MP: 2/2
   515 | D:1      | Reached XP level 3. HP: 24/24 MP: 3/3
  1418 | D:2      | Noticed Sigmund
  1423 | D:2      | HP: 1/25 [Sigmund/+0 scythe (11)]
  1424 | D:2      | Succumbed to an adder's poison

Illustrated notes

Levels and vault maps discovered:
D:1:      dpeg_cavernosity, layout_basic
D:2:      layout_loops_ring, serial_forest, infiniplex_forest_end_2,
          infiniplex_forest_clump_diagonal, infiniplex_forest_3_way,
          infiniplex_forest_lined_2, infiniplex_forest_straight_4,
          infiniplex_forest_fountain, infiniplex_forest_clump_double,
          uniq_sigmund

Skill      XL: |  1  2 |
---------------+-------+-----
Fighting       | 2 |  2.5
Dodging        | |  2.0
Unarmed Combat | |  3.9
Shapeshifting  | |  3.0

Action                     || total
---------------------------++-------
  Melee: Unarmed           ||    72
         Constrict         ||    13
         Tentacles         ||     8
         Punch             ||     2
   Stab: Sleeping          ||    14
         Distracted        ||     1
 Armour: Skin              ||     9
  Dodge: Dodged            ||    39

Table legend: (Time is in decaauts)
 A = Elapsed time spent in this place.
 B = Non-inter-level travel time spent in this place.
 C = Inter-level travel time spent in this place.
 D = Time resting spent in this place.
 E = Time spent auto-exploring this place.
 F = Levels seen in this place.
 G = Mean time per level.
                   A        B        C        D        E       F      G
               +--------+--------+--------+--------+--------+-----+--------+
         Total |   1419 |   1300 |    119 |      0 |   1071 |   2 |  709.5 |
       Dungeon |   1419 |   1300 |    119 |      0 |   1071 |   2 |  709.5 |
               +--------+--------+--------+--------+--------+-----+--------+

Top non-repeatable levels by time:
     D:1: 1067 daAuts
     D:2: 351 daAuts
